 Dungeon Crawl Stone Soup version 0.32-a0-995-gb4a59205af (webtiles) character file.

Game seed: 4176854680746376757

3632 Iich the Cleaver (level 9, 0/63 HPs)
             Began as a Demonspawn Fighter on Apr 22, 2024.
             Was an Initiate of Gozag.
             Slain by an ice beast (9 damage)
             ... on level 9 of the Dungeon.
             The game lasted 00:16:31 (7642 turns).

Iich the Cleaver (Demonspawn Fighter)               Turns: 7642, Time: 00:16:32

Health: 0/63       AC: 14    Str: 26    XL:     9   Next: 87%
Magic:  9/9        EV: 12    Int:  9    God:    Gozag
Gold:   813        SH: 14    Dex: 11    Spells: 8/8 levels left

rFire   . . .        a - +0 war axe
rCold   . . .        c - +0 buckler
rNeg    . . .        l - +0 plate armour
rPois   .            (helmet restricted)
rElec   .            A - +0 cloak
rCorr   .            r - +0 pair of gloves
SInv    .            (no boots)
Will    .....        (no amulet) Stlth
                     s - +6 ring of strength
HPRegen 0.30/turn    F - +5 ring of evasion
MPRegen 0.11/turn

%: random rage (3%)
@: mighty
A: antennae 2, large bone plates 2, demonic guardian 1, condensation shield,
berserk 1, clumsy 1, frail 1
a: Renounce Religion, Potion Petition, Call Merchant, Bribe Branch


You were on level 9 of the Dungeon.
You worshipped Gozag.
Gozag was pleased with you.
You visited 2 branches of the dungeon, and saw 10 of its levels.

You collected 1518 gold pieces.
You spent 616 gold pieces at shops.
You paid 89 gold pieces to Gozag.

Inventory:

Hand Weapons
 a - a +0 war axe (weapon)
 b - the +3 greatsling "Punk" {acid, rCorr}
   (You found it on level 2 of the Dungeon)

   rCorr:     It protects you from acid and corrosion.
Missiles
 y - a throwing net (quivered)
Armour
 c - a +0 buckler (worn)
 e - a +0 scale mail
 l - a +0 plate armour (worn)
 r - a +0 pair of gloves (worn)
 A - a +0 cloak (worn)
Jewellery
 s - a +6 ring of strength (left hand)
 x - an amulet of magic regeneration
 F - a +5 ring of evasion (right hand)
 P - a ring of poison resistance
Wands
 p - a wand of polymorph (5)
 B - a wand of paralysis (28)
 D - a wand of light (5)
Scrolls
 f - a scroll of immolation
 g - a scroll of fear
 h - 2 scrolls of enchant armour
 i - a scroll of blinking {unknown}
 j - a scroll of enchant weapon
 k - 2 scrolls of poison
 o - a scroll of torment
 t - 3 scrolls of teleportation
 v - a scroll of amnesia
 w - a scroll of noise
 z - a scroll of revelation
Potions
 d - a potion of might
 n - a potion of lignification {unknown}
 u - 3 potions of attraction
 C - a potion of berserk rage {unknown}
 E - a potion of magic


   Skills:
 + Level 6.9 Fighting
 * Level 8.2 Axes
 - Level 4.3 Ranged Weapons
 + Level 3.8 Armour
 * Level 6.0 Dodging
 + Level 3.7 Shields


You had 8 spell levels left.
You didn't know any spells.
Your spell library contained the following spells:

 Spells                   Type           Power      Damage    Failure   Level
 Apportation              Tloc           0%         N/A       100%        1
 Necrotise                Necr           0%         1d4       100%        1
 Sting                    Conj/Alch      0%         1d3       100%        1
 Summon Small Mammal      Summ           0%         N/A       100%        1
 Jinxbite                 Hex            0%         N/A       100%        2
 Dazzling Flash           Conj/Hex       0%         N/A       100%        3
 Hailstorm                Conj/Ice       0%         3d5       100%        3
 Mephitic Cloud           Conj/Alch/Air  0%         N/A       100%        3
 Summon Ice Beast         Ice/Summ       0%         N/A       100%        3
 Iskenderun's Battlesphe  Conj           0%         2d6       100%        5
 Silence                  Hex/Air        0%         N/A       100%        5
 Yara's Violent Unravell  Hex/Alch       0%         3d3       100%        5
 Bombard                  Conj/Erth      0%         9d1       100%        6
 Permafrost Eruption      Ice/Erth       0%         2x4d1     100%        6
 Sculpt Simulacrum        Ice/Alch       0%         N/A       100%        6
 Starburst                Conj/Fire      0%         6d3       100%        6
 Enfeeble                 Hex            0%         N/A       100%        7
 Spellforged Servitor     Conj/Summ      0%         N/A       100%        7
 Fulsome Fusillade        Conj/Alch      0%         (3-5)d4   100%        8


Dungeon Overview and Level Annotations

Branches:
Dungeon (9/15)             Temple (1/1) D:5            Lair (0/5) D:9
    Orc: D:9-12

Altars:
Ashenzari
Cheibriados
Dithmenos
Fedhas
Gozag
Hepliaklqana
Kikubaaqudgha
Makhleb
Nemelex Xobeh
Okawaru
Qazlal
Ru
Sif Muna
Trog
Uskayaw
Vehumet
Wu Jian
Xom
Yredelemnul
Lugonu

Shops:
D:4 =

Portals:
Abyss: D:4

Annotations:
D:4 2 runed translucent doors
D:8 2 transporters, ratmeat3's ghost, novice OpFi


Innate Abilities, Weirdness & Mutations

You have a pair of antennae on your head.
You are mostly covered in large bone plates. (SH +6)
A weak demonic guardian rushes to your aid.
A meltable shield of frost defends you. (SH +4)
You sometimes lose your temper in combat.
You are clumsy. (Dex -2)
You are frail. (-10% HP)


Message History

The ice beast closely misses you.
You regained 5 hp, and now have 17/63 hp.
You miss the killer bee.
The killer bee is moderately wounded.
You hit the ice beast but do no damage. You closely miss the ice beast.
You hit the ice beast.
The killer bee is no longer distracted by gold.
The killer bee closely misses your quasit.
The killer bee closely misses you.
Your quasit misses the killer bee.
Your quasit closely misses the killer bee.
Your quasit claws the killer bee but does no damage.
The killer bee barely misses your quasit.
The killer bee stings you.
* * * LOW HITPOINT WARNING * * *
The ice beast misses you. The ice beast barely misses you.
The ice beast hits you but does no damage.
Found a staircase to the Lair.
You feel less invigorated.
You feel less confused.
The killer bee closely misses something. x2
You block the killer bee's attack.
You regained 6 hp, and now have 24/63 hp.
Unknown command.
Unknown command.
You slash the ice beast!
The ice beast is severely wounded.
You slash the killer bee!
The killer bee misses something.
The killer bee stings you but does no damage. x2
Unknown command.
You hit the ice beast.
The ice beast is heavily wounded.
You slash the ice beast! You miss the killer bee.
You block the killer bee's attack. x2; The ice beast hits you.
* * * LOW HITPOINT WARNING * * *
The ice beast freezes you!
* * * LOW HITPOINT WARNING * * *
The ice beast hits you.
* * * LOW HITPOINT WARNING * * *
The ice beast freezes you!
You die...
Your body crumbles into a pile of gold.

........## ... ...).
..........# ... .....
........#.#.....# .....
+#.#..~.$.#.....# .....
..........~#.....# .....
#...........#....# .....
....#.k#h........# #####
.......YyYy......#
......Y@#Y.{5$.#.#
...###.##h{.....########
#.. ###.............
.... #.......#######
....>................#
...#.............#####.#
#..##...###.$....# #..
.. #.. #.....## ###
#.....#


You could see a rime drake, 3 ice beasts, a wolf and 2 killer bees.

Vanquished Creatures
  Sigmund (D:4)
  Edmund (D:4)
  2 water moccasins
  An acid dragon (D:8)
  2 ice beasts
  2 sky beasts (D:6)
  4 black bears
  An orc warrior (D:8)
  A centaur (D:7)
  A phantom (D:6)
  3 bullfrogs
  2 kobold brigands
  A gnoll sergeant (D:8)
  A scorpion (D:5)
  4 wights (D:8)
  4 howler monkeys (D:7)
  3 bombardier beetles
  A gnoll bouda (D:4)
  3 hounds (D:4)
  3 jellies
  5 orc priests
  2 iguanas (D:5)
  2 sleepcaps
  Jessica (D:2)
  3 orc wizards (D:8)
  10 gnolls
  5 adders
  2 white imps
  2 ufetubi (D:7)
  2 dart slugs
  2 ribbon worms (D:4)
  23 orcs
  4 endoplasms
  5 giant cockroaches
  9 goblins
  7 hobgoblins
  18 kobolds
  2 quokkas
  4 ball pythons
  8 bats
  2 frilled lizards
  6 rats
165 creatures vanquished.

Vanquished Creatures (collateral kills)
  Eustachio (D:4)
  A water moccasin (D:6)
  An ice beast (D:9)
  A gnoll (D:4)
  A goblin (D:2)
  A kobold (D:2)
  A ball python (D:2)
7 creatures vanquished.

Vanquished Creatures (others)
  A human (D:4)
1 creature vanquished.

Grand Total: 173 creatures vanquished

Notes
Turn   | Place    | Note
-------+----------+-------------------------------------------
     0 | D:1      | Iich the Demonspawn Fighter began the quest for the Orb.
     0 | D:1      | Reached XP level 1. HP: 18/18 MP: 1/1
    43 | D:1      | Reached skill level 2 in Axes
   189 | D:1      | Gained mutation: A weak demonic guardian rushes to your
                  | aid. [demonic ancestry]
   189 | D:1      | Reached XP level 2. HP: 24/24 MP: 2/2
   375 | D:1      | Reached skill level 1 in Dodging
   411 | D:1      | Gained mutation: You sometimes lose your temper in combat.
                  | [potion of mutation]
   411 | D:1      | Gained mutation: Armour fits poorly on your strangely
                  | shaped body. [potion of mutation]
   411 | D:1      | Gained mutation: You are strong-willed. (Will+) [potion of
                  | mutation]
   411 | D:1      | Gained mutation: You are somewhat resistant to further
                  | mutation. [potion of mutation]
   412 | D:1      | Lost mutation: You are somewhat resistant to further
                  | mutation. [potion of mutation]
   412 | D:1      | Lost mutation: You are strong-willed. (Will+) [potion of
                  | mutation]
   412 | D:1      | Lost mutation: Armour fits poorly on your strangely shaped
                  | body. [potion of mutation]
   412 | D:1      | Gained mutation: Your mind is acute. (Int +4, Str/Dex -1)
                  | [potion of mutation]
   412 | D:1      | Gained mutation: You have large cloven feet. [potion of
                  | mutation]
   451 | D:1      | Gained mutation: You are partially covered in large bone
                  | plates. (SH +4) [demonic ancestry]
   451 | D:1      | Reached XP level 3. HP: 29/29 MP: 3/3
   721 | D:2      | Reached skill level 3 in Axes
   793 | D:2      | Identified a scroll of acquirement
   795 | D:2      | Acquired 592 gold pieces
   912 | D:2      | Reached XP level 4. HP: 28/35 MP: 4/4
   998 | D:2      | Lost mutation: You have large cloven feet. [potion of
                  | mutation]
   998 | D:2      | Lost mutation: Your mind is acute. (Int +4, Str/Dex -1)
                  | [potion of mutation]
   998 | D:2      | Gained mutation: You are clumsy. (Dex -2) [potion of
                  | mutation]
   998 | D:2      | Gained mutation: You are frail. (-10% HP) [potion of
                  | mutation]
   998 | D:2      | Gained mutation: You have a pair of small antennae on your
                  | head. [potion of mutation]
   998 | D:2      | Gained mutation: You are mostly covered in large bone
                  | plates. (SH +6) [potion of mutation]
  1029 | D:2      | Noticed Jessica
  1034 | D:2      | Killed Jessica
  1067 | D:2      | Found the +3 greatsling "Punk" {acid, rCorr}
  1524 | D:3      | Reached XP level 5. HP: 35/37 MP: 5/5
  1941 | D:4      | Noticed Edmund
  1950 | D:4      | Killed Edmund
  1951 | D:4      | Reached skill level 4 in Axes
  1951 | D:4      | Reached skill level 1 in Ranged Weapons
  1951 | D:4      | Reached XP level 6. HP: 29/43 MP: 6/6
  2001 | D:4      | HP: 2/43 [hound (1)]
  2214 | D:4      | Found Atamed's Jewellery Shoppe.
  2231 | D:4      | Bought a +6 ring of strength for 396 gold pieces
  2231 | D:4      | Bought a ring of poison resistance for 220 gold pieces
  2241 | D:4      | Found a one-way gate to the infinite horrors of the Abyss.
  2351 | D:4      | Found a large runed translucent door.
  2351 | D:4      | Found a large runed translucent door.
  2353 | D:4      | Found a corrupted altar of Lugonu.
  2404 | D:4      | Noticed Eustachio
  2454 | D:4      | Killed Eustachio
  2455 | D:4      | Mutation became permanent: You have a pair of small
                  | antennae on your head. [demonic ancestry]
  2455 | D:4      | Gained mutation: You have a pair of small antennae on your
                  | head. [demonic ancestry]
  2455 | D:4      | Reached XP level 7. HP: 15/49 MP: 7/7
  2518 | D:4      | Found an ancient bone altar of Kikubaaqudgha.
  2522 | D:4      | Noticed a human
  2524 | D:4      | Killed a human
  2579 | D:4      | Reached skill level 5 in Axes
  3134 | D:4      | Noticed Sigmund
  3140 | D:4      | Killed Sigmund
  3393 | D:5      | Entered Level 5 of the Dungeon
  3412 | D:5      | Reached skill level 5 in Fighting
  3565 | D:5      | Gained mutation: You have a pair of antennae on your head.
                  | [demonic ancestry]
  3565 | D:5      | Reached XP level 8. HP: 48/55 MP: 8/8
  3684 | D:5      | Found a staircase to the Ecumenical Temple.
  3703 | Temple   | Entered the Ecumenical Temple
  3935 | Temple   | Became a worshipper of Gozag Ym Sagoz the Greedy
  4095 | D:5      | Reached skill level 6 in Axes
  4194 | D:5      | Identified the +2 leather armour of the Pleiades {rElec
                  | rN++ Int-3}
  4932 | D:5      | Found an iron altar of Okawaru.
  5276 | D:6      | Reached skill level 7 in Axes
  5531 | D:6      | Found a sparkling altar of Nemelex Xobeh.
  5578 | D:6      | Gained mutation: A meltable shield of frost defends you.
                  | (SH +4) [demonic ancestry]
  5578 | D:6      | Reached XP level 9. HP: 60/62 MP: 9/9
  5730 | D:6      | Found a hide-covered altar of Uskayaw.
  5730 | D:6      | Found a shadowy altar of Dithmenos.
  5971 | D:7      | Reached skill level 5 in Dodging
  6765 | D:8      | Identified the +10 dagger of Ybbuset {drain, rF- rN+ Will+
                  | Str+3}
  6838 | D:8      | Found a stormy altar of Qazlal.
  6969 | D:8      | Reached skill level 8 in Axes
  6982 | D:8      | Identified the +8 falchion of Etenecza {freeze, rC+ Int+2}
  7040 | D:8      | Found a shimmering altar of Xom.
  7040 | D:8      | Found an ornate altar of the Wu Jian Council.
  7042 | D:8      | Found a burning altar of Makhleb.
  7331 | D:8      | Found a transporter.
  7334 | D:8      | Noticed ratmeat3's ghost (novice OpFi)
  7342 | D:8      | Identified the +8 great mace of Cicaiv {drain, rElec rF+
                  | Will+}
  7343 | D:8      | Found a transporter.
  7620 | D:9      | Noticed a rime drake
  7640 | D:9      | Found a staircase to the Lair.
  7642 | D:9      | Slain by an ice beast

Illustrated notes

Levels and vault maps discovered:
D:1:      nagdon_arrival_zigzag_paths, layout_rooms
D:2:      layout_rooms, uniq_jessica
D:3:      layout_basic, chequers_mini_garden, kennysheep_nondescript
D:4:      due_chaos_kobolds, layout_layer_cave, tgw_kikubaaqudgha,
          cheibrodos_sewer_entry_bend, minmay_misc_feat_columns, minivault_23,
          nicolae_stop_n_shop_2, kennysheep_flooded_box, uniq_sigmund,
          uniq_eustachio, uniq_edmund
D:5:      layout_loops_ring, mainiacjoe_overflow_alcove_4,
          minmay_temple_entry_trees
D:6:      layout_rooms, mainiacjoe_overflow_boulevard,
          gammafunk_temple_overflow_wave
D:7:      layout_basic
D:8:      layout_loops_ring, mainiacjoe_overflow_catwalk,
          mainiacjoe_overflow_alcove_3, gammafunk_ghost_smash
D:9:      layout_basic, hellmonk_lair_entry_icy
Temple:   nicolae_temple_slightly_damp_pantheon

Skill      XL: |  1  2  3  4  5  6  7  8  9 |
---------------+----------------------------+-----
Axes           | 2 3 4 5 7 8 |  8.2
Dodging        | 1 2 3 4 6 |  6.0
Fighting       | 4 5 6 |  6.9
Ranged Weapons | 1 2 3 4 |  4.3
Armour         | 3 |  3.8
Shields        | 3 |  3.7

Action                     |  1- 3 |  4- 6 |  7- 9 || total
---------------------------+-------+-------+-------++-------
  Melee: War axe           |    82 |   150 |   444 ||   676
         Kick              |     4 |     1 |       ||     5
   Fire: Greatsling        |       |    15 |       ||    15
  Evoke: Wand              |       |       |     2 ||     2
    Use: Scroll            |     5 |     2 |    10 ||    17
         Potion            |     2 |     4 |     4 ||    10
   Stab: Paralysed         |       |       |     2 ||     2
 Armour: Scale mail        |    66 |     9 |       ||    75
         Plate armour      |       |   197 |   302 ||   499
  Dodge: Dodged            |    43 |    71 |   172 ||   286
  Block: Buckler           |    39 |   119 |   261 ||   419

Table legend: (Time is in decaauts)
 A = Elapsed time spent in this place.
 B = Non-inter-level travel time spent in this place.
 C = Inter-level travel time spent in this place.
 D = Time resting spent in this place.
 E = Time spent auto-exploring this place.
 F = Levels seen in this place.
 G = Mean time per level.
                   A        B        C        D        E       F      G
               +--------+--------+--------+--------+--------+-----+--------+
         Total |   7960 |   7767 |    193 |    407 |   5255 |  10 |  796.0 |
       Dungeon |   7701 |   7508 |    193 |    407 |   5186 |   9 |  855.7 |
        Temple |    259 |    259 |      0 |      0 |     68 |   1 |  259.0 |
               +--------+--------+--------+--------+--------+-----+--------+

Top non-repeatable levels by time:
     D:4: 1528 daAuts
     D:5: 1375 daAuts
     D:8: 1058 daAuts
     D:7: 799 daAuts
     D:6: 794 daAuts
     D:3: 772 daAuts
     D:2: 659 daAuts
     D:1: 609 daAuts
  Temple: 259 daAuts
     D:9: 103 daAuts
